 Dungeon Crawl Stone Soup version 0.18.1-8-gdd0e5ea (webtiles) character file.

285 Denchik the Covered (level 5, -4/45 HPs)
             Began as a Demigod Fighter on May 28, 2016.
             Slain by jesusflecha's ghost (11 damage)
             ... on level 4 of the Dungeon.
             The game lasted 00:09:17 (3431 turns).

Denchik the Covered (Demigod Fighter)               Turns: 3431, Time: 00:09:18

Health: -4/45      AC: 12    Str: 21    XL:     5   Next: 79%
Magic:  7/7        EV:  4    Int: 12    God:
Gold:   112        SH: 10    Dex: 15    Spells: 0 memorised, 4 levels left

rFire  . . .     SeeInvis .     a - +0 long sword
rCold  . . .     Gourm    .     l - +0 plate armour
rNeg   . . .     Faith    .     c - +0 shield
rPois  .         Spirit   .     (no helmet)
rElec  .         Dismiss  .     (no cloak)
rCorr  .         Reflect  .     (no gloves)
SustAt +         Harm     .     (no boots)
MR     .....                    (no amulet)
Stlth  ..........               (no ring)
                                (no ring)

@: not resistant to hostile enchantments, extremely unstealthy
A: high mp 1, sustain attributes
a: no special abilities


You were on level 4 of the Dungeon.
You were hungry.

You visited 1 branch of the dungeon, and saw 4 of its levels.

You collected 112 gold pieces.

Inventory:

Hand Weapons
 a - a +0 long sword (weapon)
Armour
 b - a +0 scale mail
 c - a +0 shield (worn)
 l - a +0 plate armour (worn)
Jewellery
 y - a +4 ring of strength {unknown}
Scrolls
 h - 4 scrolls of teleportation {unknown}
 j - a scroll of enchant weapon {unknown}
 k - 2 scrolls of identify
 p - 3 scrolls of recharging {unknown}
 q - a scroll of fear {unknown}
 r - 2 scrolls of enchant armour {unknown}
 t - 2 scrolls of remove curse {unknown}
 A - a scroll of noise {unknown}
 B - a scroll of immolation {unknown}
Potions
 d - a potion of might
 e - 3 potions of curing {unknown}
 i - a potion of brilliance {unknown}
 m - a potion of heal wounds {unknown}
 n - 2 potions of invisibility {unknown}
 u - a potion of resistance {unknown}
 v - a potion of degeneration {unknown}
 x - 2 potions of agility {unknown}
 z - a potion of ambrosia {unknown}
Comestibles
 f - 3 bread rations
 g - 4 fruits
 o - a meat ration
 s - a beef jerky
 w - 2 chunks of flesh


   Skills:
 + Level 3.2 Fighting
 * Level 3.2 Long Blades
 * Level 4.5 Armour
 + Level 3.6 Shields


You had 4 spell levels left.
You didn't know any spells.

Dungeon Overview and Level Annotations

Branches:
Dungeon (4/15)
 Temple: D:4-7

Annotations:
D:4 jesusflecha's ghost, novice FoFi


Innate Abilities, Weirdness & Mutations

You have an increased reservoir of magic (+10% MP).
Your attributes are resistant to harm.


Message History

Jesusflecha's ghost turns its malevolent gaze towards you.
You see here a giant gecko skeleton.
Jesusflecha's ghost hits you!
You slash the ogre!
The ogre is moderately wounded.
You block jesusflecha's ghost's attack. The ogre hits you but does no damage.
You barely miss the ogre.
The ogre is moderately wounded.
Jesusflecha's ghost hits you but does no damage.
The ogre hits you with a giant club!
* * * LOW HITPOINT WARNING * * *
You block jesusflecha's ghost's attack.
You hit the ogre.
The ogre is moderately wounded.
You block jesusflecha's ghost's attack. The ogre hits you with a giant club.
* * * LOW HITPOINT WARNING * * *
You hit the ogre.
The ogre is heavily wounded.
Jesusflecha's ghost hits you!
You die...

#.......(......#
##).....###########
.#...>..........<.#
)#.....###..#..##.#
.).....###..#.(.#.#
###...............#
#....##############
##'####### #.W..#
#.......# #@##.#
#######.### #O#..#
#.....# #.#..#
#..##.###.#รท##
#...........### #
#.............#####.###
#...####...##..........
).... #...............
...... ####.##.......$.


You could see an ogre and jesusflecha's ghost.

Vanquished Creatures
  The ghost of Denchik the Skirmisher, a weakling DgFi (D:3)
  An orc wizard (D:4)
  2 worker ants (D:4)
  7 adders
  3 gnolls
  2 oozes
  A dart slug (D:1)
  2 worms
  2 giant geckos
  5 orcs
  A ball python (D:2)
  2 giant cockroaches
  4 goblins
  5 hobgoblins
  10 kobolds
  6 bats
  3 giant newts
  8 rats
65 creatures vanquished.

Notes
Turn   | Place    | Note
--------------------------------------------------------------
     0 | D:1      | Denchik the Demigod Fighter began the quest for the Orb.
     0 | D:1      | Reached XP level 1. HP: 18/18 MP: 3/3
   229 | D:1      | Reached XP level 2. HP: 25/25 MP: 4/4
   275 | D:1      | Reached skill level 3 in Armour
   828 | D:2      | Reached XP level 3. HP: 30/31 MP: 5/5
   967 | D:2      | Found a white marble altar of Elyvilon.
  1277 | D:2      | Reached XP level 4. HP: 20/38 MP: 6/6
  2046 | D:3      | Noticed Denchik's ghost (weakling DgFi)
  2270 | D:3      | Killed Denchik's ghost
  2270 | D:3      | Reached skill level 4 in Armour
  2403 | D:3      | Reached XP level 5. HP: 45/45 MP: 7/7
  3413 | D:4      | Noticed an ogre
  3413 | D:4      | Noticed jesusflecha's ghost (novice FoFi)
  3431 | D:4      | Slain by jesusflecha's ghost

Skill      XL: |  1  2  3  4  5 |
---------------+----------------+-----
Long Blades    | 2 3 |  3.2
Armour         | 3 4 |  4.5
Fighting       | 3 |  3.2
Shields        | 3 |  3.6

Action                   |  1- 3 |  4- 6 || total
-------------------------+-------+-------++-------
Melee: Long sword        |   113 |   177 ||   290
  Use: Scroll            |       |     1 ||     1
  Eat: Chunk             |     1 |     7 ||     8
Armor: Scale mail        |    41 |     9 ||    50
       Plate armour      |       |    93 ||    93
Dodge: Dodged            |    44 |    32 ||    76
Block: Shield            |    57 |   107 ||   164
